 Dungeon Sprint DCSS version 0.29.1-15-g9cfb28693d (webtiles) character file.

Game seed: 7025034386612455318

3100000 Groucho the Intangible (level 16, -1/107 HPs)
             Began as a Spriggan Warper on Mar 18, 2023.
             Was a High Priest of Makhleb.
             Engulfed by a cloud of flame (16 damage)
             ... in the Dungeon (Sprint VIII: "Arena of Blood").
             The game lasted 00:01:53 (31 turns).

Groucho the Intangible (Spriggan Warper)              Turns: 31, Time: 00:01:53

Health: -1/107     AC:  2    Str:  9    XL:     16   Next: 66%
Magic:  20/33      EV: 43    Int: 14    God:    Makhleb [*****.]
Gold:   0          SH:  0    Dex: 21    Spells: 20/20 levels left

rFire   . . .      SeeInvis +   j - +∞ Axe of Woe
rCold   . . .      Faith    .   (shield currently unavailable)
rNeg    . . .      Spirit   .   b - +0 robe
rPois   .          Reflect  .   (helmet restricted)
rElec   .          Harm     .   (no cloak)
rCorr   .          Rampage  .   (gloves unavailable)
Will    ++...      NoTele   +   (boots unavailable)
Stlth   ++........              (no amulet)
HPRegen 0.27/turn               (no ring)
MPRegen 0.23/turn               (no ring)

@: very quick
A: very small, no large weapons, unfitting armour, see invisible, speed 3
a: Renounce Religion, Minor Destruction, Lesser Servant of Makhleb, Major
Destruction, Greater Servant of Makhleb


You were in the Dungeon.
You worshipped Makhleb.
Makhleb was extremely pleased with you.
You visited 1 branch

Inventory:

Hand Weapons
 a - a +0 hand axe
 j - the +∞ Axe of Woe (weapon)
   (You found it in the Dungeon)
Missiles
 d - 7 boomerangs of dispersal (quivered)
Armour
 b - a +0 robe (worn)
Jewellery
 k - a +30 ring of slaying
Scrolls
 c - 2 scrolls of blinking
Potions
 e - a potion of curing
 f - a potion of heal wounds
 g - a potion of haste
 h - 2 potions of magic
 i - a potion of berserk rage


   Skills:
 + Level 22.1 Fighting
 O Level 27 Axes
 - Level 1.0 Throwing
 O Level 27 Dodging
 - Level 2.6 Spellcasting
 - Level 4.4 Translocations
 + Level 25.6 Invocations


You had 20 spell levels left.
You didn't know any spells.
Your spell library contained the following spells:

 Spells                   Type           Power      Damage    Failure   Level
 Blink                    Tloc           28%        N/A       5%          2
 Gell's Gravitas          Tloc           14%        N/A       11%         3
 Lesser Beckoning         Tloc           14%        N/A       11%         3
 Teleport Other           Tloc           14%        N/A       11%         3
 Manifold Assault         Tloc           14%        N/A       71%         5


Dungeon Overview and Level Annotations

Branches:
Dungeon (1/1)

Altars:
Makhleb


Innate Abilities, Weirdness & Mutations

You are very small and have problems with some larger weapons.
You are too small for most types of armour.
You have supernaturally acute eyesight. (SInv)
You cover ground extremely quickly. (Speed+++)


Message History

You hear a shout! x2
The bag of meat is engulfed in blazing flames.
You hear a shout!
The meat berserker rages.
You hear a shout! x11
You slash the large bag of meat!
Flame seeps out of the large bag of meat.
You dissect the large bag of meat like a pig carcass.
Makhleb accepts your kill.
You feel better.
The large bag of meat explodes!
The fiery explosion engulfs you!!!
You are engulfed in blazing flames.
You hear a shout! x3
The meat berserker is engulfed in blazing flames.
You hear a shout! x5
A large bag of meat comes into view. It is wielding a +9 giant spiked club.
The large bag of meat is engulfed in blazing flames.
You hear a shout!
Your Fighting skill gained 2 levels and is now at level 22!
Your Invocations skill gained 2 levels and is now at level 25!
You slash the large bag of meat!
Flame seeps out of the large bag of meat.
You butcher the large bag of meat messily.
Makhleb accepts your kill.
You can now summon a greater servant of Makhleb.
You feel better.
You slash the large bag of meat!
Flame seeps out of the large bag of meat.
You slaughter the large bag of meat joyfully.
Makhleb accepts your kill.
You feel better.
The large bag of meat explodes!
The fiery explosion engulfs the meat berserker!!!
The fiery explosion engulfs you!!!
The large bag of meat explodes!
The fiery explosion engulfs the large bag of meat!!
The fiery explosion engulfs the meat berserker!!
The fiery explosion engulfs you!!!
* * * LOW HITPOINT WARNING * * *
You are engulfed in blazing flames.
You die...

.. ..... #..
...# #.. .O.# .
.###.. ...###..
.O....###......
....V§§o....
#§OO§§# #§§§§§#
#§○@§§#
.....§.§.......
......###......
.###.. ...###..
#.. ...# . #.
...# .. .....
.. ..


You could see a destroyer, 2 large bags of meat, a meat berserker (berserk) and
a bag of meat.

Vanquished Creatures
  4 ogres (D)
  4 two-headed ogres (D)
  8 orcs (D)
16 creatures vanquished.

Notes
Turn   | Place    | Note
-------+----------+-------------------------------------------
     0 | D        | Found the +∞ Axe of Woe
     0 | D        | Groucho the Spriggan Warper began the quest for the Orb.
     0 | D        | Reached XP level 1. HP: 10/10 MP: 5/5
     2 | D        | Noticed a bag of meat
     4 | D        | Became a worshipper of Makhleb the Destroyer
     4 | D        | Noticed a bag of meat
     5 | D        | Noticed a bag of meat
     6 | D        | Noticed a bag of meat
     8 | D        | Noticed a bag of meat
    10 | D        | Noticed a bag of meat
    11 | D        | Killed a bag of meat
    11 | D        | Noticed a bag of meat
    12 | D        | Reached skill level 15 in Axes
    12 | D        | Reached XP level 2. HP: 7/14 MP: 6/6
    12 | D        | Reached XP level 3. HP: 9/18 MP: 8/8
    12 | D        | Reached XP level 4. HP: 11/22 MP: 9/9
    12 | D        | Reached XP level 5. HP: 13/25 MP: 10/10
    12 | D        | Reached XP level 6. HP: 15/30 MP: 11/11
    12 | D        | Reached XP level 7. HP: 17/33 MP: 12/12
    12 | D        | Reached XP level 8. HP: 19/37 MP: 13/13
    12 | D        | Reached XP level 9. HP: 21/41 MP: 14/14
    12 | D        | Reached XP level 10. HP: 24/46 MP: 15/15
    12 | D        | Killed a bag of meat
    12 | D        | Reached * piety under Makhleb
    12 | D        | Killed a bag of meat
    12 | D        | Killed a bag of meat
    12 | D        | Noticed a meat berserker
    13 | D        | Reached skill level 27 in Dodging
    13 | D        | Reached XP level 11. HP: 49/49 MP: 16/16
    13 | D        | Reached XP level 12. HP: 53/53 MP: 17/17
    13 | D        | Reached XP level 13. HP: 57/57 MP: 18/18
    13 | D        | Noticed a meat berserker
    14 | D        | Noticed a meat berserker
    15 | D        | Killed a bag of meat
    15 | D        | Reached ** piety under Makhleb
    16 | D        | Noticed a bag of meat
    17 | D        | Killed a bag of meat
    18 | D        | Killed a meat berserker
    19 | D        | Reached skill level 27 in Axes
    19 | D        | Reached XP level 14. HP: 70/70 MP: 18/20
    19 | D        | Killed a meat berserker
    19 | D        | Reached *** piety under Makhleb
    19 | D        | Killed a meat berserker
    19 | D        | Noticed a large bag of meat
    20 | D        | Reached XP level 15. HP: 88/88 MP: 18/28
    20 | D        | Noticed a meat berserker
    22 | D        | Reached skill level 15 in Fighting
    22 | D        | Killed a meat berserker
    22 | D        | Reached **** piety under Makhleb
    23 | D        | Killed a large bag of meat
    23 | D        | Noticed a large bag of meat
    24 | D        | Reached XP level 16. HP: 69/103 MP: 18/32
    24 | D        | Noticed a destroyer
    25 | D        | Noticed a large bag of meat
    25 | D        | Noticed a large bag of meat
    26 | D        | Noticed a meat berserker
    28 | D        | Noticed a meat berserker
    28 | D        | Noticed a large bag of meat
    30 | D        | Killed a large bag of meat
    30 | D        | Noticed a large bag of meat
    31 | D        | Killed a large bag of meat
    31 | D        | Reached ***** piety under Makhleb
    31 | D        | Killed a large bag of meat
    31 | D        | Engulfed by a cloud of flame

Illustrated notes

Levels and vault maps discovered:
D:        meatsprint

Skill      XL: |  1  2  3  4  5  6  7  8  9 10 11 12 13 14 15 16 |
---------------+-------------------------------------------------+-----
Axes           | 15 22 27 | 27.0
Dodging        | 23 27 | 27.0
Fighting       | 6 14 19 22 | 22.1
Invocations    | 7 16 22 25 | 25.6
Throwing       | |  1.0
Spellcasting   | |  2.6
Translocations | |  4.4

Action                   |  1- 3 |  4- 6 |  7- 9 | 10-12 | 13-15 | 16-18 || total
-------------------------+-------+-------+-------+-------+-------+-------++-------
Melee: Broad axe         |     1 |       |       |     1 |     7 |     3 ||    12
